Map: Abyssal Reef LE

Players

Tcity - Winner!

  • Race: Terran Terran
  • League: Silver
  • Spawn Location: 5:00

iPlayDefense

  • Race: Terran Terran
  • League: Silver
  • Spawn Location: 11:00

VOD

Have the link to the VOD?

Description

Time

  • Played on: April 18, 2025, 9:03 p.m.
  • Length: 11:41
Show
View Real Time Build Order
Export as new Build Order

Tcity Terran - Winner!

Build Orders:  

Get SALT Encoding   

  12  0:00  SCV  
  13  0:13  SCV  
  14  0:25  SCV  
  15  0:28  Supply Depot  
  15  0:34  Refinery  
  15  0:44  Refinery  
  15  0:50  SCV  
  16  0:58  Barracks  
  16  1:02  SCV  
  17  1:14  SCV  
  18  1:26  SCV  
  19  1:38  SCV  
  20  1:47  Barracks Reactor  
  20  1:49  Factory  
  20  1:50  SCV  
  21  1:59  Supply Depot  
  21  2:02  SCV  
  22  2:15  SCV  
  23  2:23  Marine x2  
  23  2:27  SCV  
  23  2:29  Supply Depot  
  26  2:39  Starport  
  26  2:41  Marine x2  
  28  2:52  Factory Tech Lab  
  28  2:57  Supply Depot  
  28  3:14  Orbital Command  
  28  3:15  Starport  
  28  3:17  Medivac  
  30  3:35  Marine  
  30  3:36  Marine  
  30  3:37  Fusion Core  
  30  3:39  Hellion  
  34  3:50  Starport Tech Lab  
  34  3:52  Starport Tech Lab  
  34  3:53  Marine x2  
  36  4:04  Refinery  
  36  4:12  SCV, Refinery  
  37  4:24  SCV  
  38  4:37  Battlecruiser  
  37  5:19  Medivac  
  37  5:20  Barracks  
  36  5:24  Marine  
  36  5:25  Marine  
  38  5:42  Marine  
  39  5:43  Marine  
  39  5:49  Medivac  
  42  6:00  Marine x2  
  44  6:18  Marine x2  
  46  6:53  Marine  
  47  7:34  Marine  
  47  7:35  Battlecruiser  
  43  7:51  Marine  
  43  7:54  Supply Depot  
  43  7:56  Supply Depot  
  43  7:57  Supply Depot  
  44  8:03  Marine x2  
  46  8:09  Marine  
  47  8:16  Supply Depot, Battlecruiser  
  53  8:21  Marine x2  
  55  8:27  Marine  
  56  8:39  Supply Depot  
  43  10:23  Battlecruiser  
  43  10:24  Battlecruiser  
Show
View Real Time Build Order
Export as new Build Order

iPlayDefense Terran 

Build Orders:  

Get SALT Encoding   

  12  0:00  SCV  
  13  0:16  Supply Depot  
  13  0:19  SCV  
  14  0:31  SCV  
  15  0:36  Refinery  
  15  0:43  SCV  
  16  0:55  SCV  
  17  0:57  Barracks  
  17  1:07  SCV  
  18  1:19  SCV  
  19  1:32  Barracks  
  19  1:35  Barracks  
  19  1:46  Barracks Reactor  
  19  1:47  Orbital Command  
  19  1:54  Supply Depot  
  19  1:58  Refinery  
  19  2:17  SCV  
  19  2:20  Barracks Tech Lab  
  20  2:25  Barracks Tech Lab  
  20  2:27  Marine  
  20  2:28  Marine  
  20  2:29  SCV  
  23  2:38  Supply Depot  
  23  2:39  Marine  
  23  2:41  SCV  
  25  2:45  Marine  
  25  2:46  Combat Shield  
  26  2:51  Stimpack  
  26  2:59  SCV  
  27  3:07  Marine x4  
  31  3:14  SCV  
  32  3:28  Factory  
  32  3:49  Command Center  
  32  3:58  Marine x2  
  32  3:59  Marine x2  
  36  4:04  SCV  
  37  4:16  SCV, Marine  
  39  4:18  Factory Tech Lab  
  39  4:38  Supply Depot x2  
  39  4:53  SCV  
  39  5:03  Siege Tank  
  39  5:05  SCV  
  43  5:08  Orbital Command  
  43  5:17  SCV  
  44  5:29  SCV  
  44  5:31  Engineering Bay  
  44  5:34  Armory  
  44  5:35  Siege Tank  
  48  5:37  SCV  
  48  5:41  SCV  
  50  5:48  Supply Depot  
  51  5:50  SCV  
  51  6:07  Siege Tank  
  47  6:11  Supply Depot  
  47  6:17  Marine x4  
  36  6:33  Supply Depot  
  36  6:34  SCV, Marine  
  36  6:35  SCV, Marine x3  
  36  6:39  Siege Tank  
  39  6:46  SCV  
  39  6:47  SCV  
  39  6:52  Marine  
  39  6:53  Marine x3  
  38  6:59  SCV  
  31  7:10  Marine  
  31  7:11  Marine x3  
  20  7:40  SCV x2  
  22  7:52  SCV x2  
  24  8:04  SCV  
  24  8:05  SCV  
  26  8:16  SCV  
  26  8:17  SCV  
  28  8:28  SCV, Marine  
  28  8:29  SCV, Marine x3  
  34  8:46  Marine  
  34  8:47  Marine x3  
  34  8:48  Cyclone  
  33  9:04  Marine x2  
  33  9:05  Marine x2  
  32  9:20  Cyclone  
  32  9:22  Marine x3  
  32  9:24  Marine  
  21  10:02  Marine  
  21  10:03  Marine x2  
  17  10:16  SCV  
  17  10:20  Marine  
  17  10:21  Marine x2  
  15  10:29  SCV  
  15  10:38  Marine  
  15  10:39  Marine x2  
  14  10:56  Marine x3  
  6  11:14  Marine x3  
Tags
 
Matchup
TvT
Race
Terran
Replay Pack
Dave SC2 II
Spawn Locations
Cross Positions
Add a new tag
Caveats
  • Supply blocks, unpowered buildings, or Contaminate may cause inaccurate times.
  • Supply counts are checked every 10 seconds.